AoeStats
← KaLong

Fortress

507193203Analyzed
4v4 RM · 16d ago on Sep 17, 2026· 55m 4s· 8 players
Game mode
Random Map
Map size
Huge
Population
200
Speed
Normal
Resources
Standard
Victory
Conquest
Starting age
Dark Age
Ending age
Imperial Age
RankedLock teamsTeams togetherTeam positionsShared explorationLock speedFull tech treeHidden civsTurbo modeCheats
Victory
Defeat
🇨🇳 Mongols · China
1546
+13
🇺🇸 Bohemians · United States
1528
+13
🇨🇳 Chinese · China
1513
+14
🇺🇸 Khmer · United States
1499
+15
🇦🇷 Turks · Argentina
1596
-18
🇨🇷 Gurjaras · Costa Rica
1471
-14
🇲🇽 Bulgarians · Mexico
1432
-12
🇲🇽 Hindustanis · Mexico
1391
-11
倉木華
7:20 Feudal Age
7:39 Feudal Age
10:43 Castle Age
9:02 Double-Bit Axe
8:57 Horse Collar
11:57 Bow Saw
12:10 Loom
18:48 Wheelbarrow
18:25 Town Watch
19:45 Heavy Plow
20:29 Gold Mining
20:30 Stone Mining
22:45 Gold Shaft Mining
22:50 Scale Barding Armor
23:23 Forging
24:50 Chain Barding Armor
25:06 Iron Casting
24:52 Hand Cart
27:42 Imperial Age
26:14 Husbandry
27:17 Bloodlines
28:16 Ballistics
27:48 Elite Ballista Elephant
28:45 Double Crossbow
30:17 Plate Barding Armor
31:01 Chemistry
33:28 Siege Engineers
33:55 Light Cavalry
35:05 Conscription
36:41 Iron Casting
36:21 Masonry
37:18 Capped Ram
38:38 Caravan
39:12 Coinage
40:04 Banking
40:27 Crop Rotation
39:59 Siege Ram
41:25 Stone Shaft Mining
40:23 Hussar
48:04 Blast Furnace
49:31 Architecture
梅子雨
0:27 Loom
7:54 Feudal Age
11:53 Castle Age
10:16 Double-Bit Axe
10:14 Horse Collar
12:50 Bow Saw
14:35 Heavy Plow
16:44 Wheelbarrow
20:02 Fletching
20:04 Gold Mining
20:34 Crossbowman
21:16 Bodkin Arrow
21:33 Thumb Ring
22:57 Padded Archer Armor
26:15 Ballistics
31:25 Squires
31:11 Arson
31:45 Leather Archer Armor
32:11 Scale Mail Armor
33:44 Forging
34:53 Gold Shaft Mining
35:13 Chain Mail Armor
36:18 Stone Mining
37:56 Hand Cart
41:12 Imperial Age
39:23 Stone Shaft Mining
39:42 Iron Casting
40:39 Caravan
41:17 Capped Ram
41:42 Elite Fire Lancer
42:57 Conscription
43:49 Plate Mail Armor
43:11 Siege Ram
43:47 Pikeman
45:01 Halberdier
47:14 Blast Furnace
50:35 Great Wall
52:41 Siege Ram
KaLong
7:52 Feudal Age
8:23 Feudal Age
9:15 Feudal Age
9:34 Feudal Age
13:40 Castle Age
11:26 Double-Bit Axe
14:15 Fletching
14:34 Wagenburg Tactics
17:48 Bodkin Arrow
29:56 Loom
30:50 Wheelbarrow
36:40 Imperial Age
33:43 Pikeman
34:12 Horse Collar
35:16 Scale Mail Armor
36:34 Squires
36:46 Forging
36:51 Chain Mail Armor
37:49 Chemistry
36:46 Halberdier
39:13 Plate Mail Armor
39:19 Iron Casting
41:36 Hand Cart
43:49 Houfnice
44:36 Elite Hussite Wagon
47:28 Blast Furnace
52:55 Bodkin Arrow
我是你大飞哥
7:32 Feudal Age
11:30 Castle Age
9:58 Double-Bit Axe
12:34 Bow Saw
14:56 Horse Collar
21:35 Wheelbarrow
21:15 Loom
22:19 Fletching
22:25 Stone Mining
23:52 Hand Cart
28:18 Imperial Age
26:07 Padded Archer Armor
26:04 Bodkin Arrow
26:51 Stone Shaft Mining
26:06 Gold Mining
26:34 Bloodlines
27:06 Leather Archer Armor
26:59 Thumb Ring
27:26 Husbandry
29:21 Ballistics
30:02 Chemistry
29:59 Conscription
29:13 Elite Mangudai
30:43 Bracer
35:05 Parthian Tactics
36:56 Forging
36:52 Scale Barding Armor
36:10 Light Cavalry
37:54 Heavy Camel Rider
39:16 Hussar
41:14 Iron Casting
41:00 Chain Barding Armor
40:16 Capped Ram
42:02 Gold Mining
41:54 Siege Ram
44:09 Drill
48:58 Hoardings
48:13 Elite Skirmisher
51:11 Blast Furnace
53:37 Caravan
Lady D
0:28 Loom
8:55 Feudal Age
12:54 Castle Age
12:27 Double-Bit Axe
12:27 Horse Collar
14:58 Bow Saw
18:37 Heavy Plow
18:30 Gold Mining
20:49 Wheelbarrow
21:56 Stone Mining
22:43 Gold Shaft Mining
25:59 Imperial Age
25:10 Bloodlines
25:05 Husbandry
26:01 Heavy Camel Rider
26:50 Scale Barding Armor
27:18 Forging
29:27 Chain Barding Armor
29:43 Iron Casting
30:49 Imperial Camel Rider
34:17 Plate Barding Armor
34:43 Blast Furnace
34:39 Scale Mail Armor
37:13 Chain Mail Armor
38:58 Hand Cart
39:23 Conscription
39:39 Hoardings
40:05 Town Watch
39:59 Elite Ghulam
40:29 Light Cavalry
41:59 Hussar
Wolobo
1:18 Loom
8:10 Feudal Age
12:08 Castle Age
10:57 Double-Bit Axe
10:54 Horse Collar
11:20 Loom
12:53 Forging
13:01 Fletching
13:36 Scale Barding Armor
14:15 Bodkin Arrow
14:46 Town Watch
37:21 Imperial Age
36:05 Chain Barding Armor
37:16 Bow Saw
37:57 Iron Casting
37:24 Onager
38:52 Wheelbarrow
38:50 Gold Mining
39:57 Siege Engineers
39:35 Pikeman
40:16 Squires
40:01 Gambesons
40:18 Scale Mail Armor
42:27 Plate Barding Armor
42:40 Chain Mail Armor
43:25 Blast Furnace
43:15 Stirrups
43:24 Bagains
43:44 Conscription
47:05 Halberdier
48:39 Siege Onager
51:43 Chemistry
51:55 Hand Cart
51:46 Caravan
Daniel Lothbrok
7:56 Feudal Age
12:22 Castle Age
10:22 Horse Collar
10:28 Double-Bit Axe
12:34 Forging
14:41 Iron Casting
19:54 Loom
22:28 Scale Barding Armor
22:58 Bloodlines
22:49 Husbandry
24:52 Wheelbarrow
24:02 Town Watch
26:55 Hand Cart
30:40 Imperial Age
30:09 Chain Barding Armor
30:56 Fletching
32:20 Plate Barding Armor
31:46 Husbandry
33:05 Kshatriyas
34:09 Elite Shrivamsha Rider
35:52 Heavy Plow
36:50 Gold Mining
36:51 Stone Mining
37:37 Conscription
38:03 Bow Saw
41:14 Gold Shaft Mining
41:38 Stone Shaft Mining
40:34 Heavy Camel Rider
47:26 Light Cavalry
48:33 Caravan
52:52 Hoardings
DiegoRasta
8:53 Feudal Age
12:51 Castle Age
10:34 Horse Collar
10:40 Double-Bit Axe
17:11 Imperial Age
14:46 Loom
15:00 Double-Bit Axe
16:17 Bow Saw
19:26 Padded Archer Armor
21:48 Loom
23:56 Leather Archer Armor
37:20 Conscription
36:21 Elite Janissary
37:46 Wheelbarrow
38:29 Ring Archer Armor
40:38 Fletching
41:00 Gold Mining
41:01 Stone Mining
44:58 Bodkin Arrow
45:52 Scale Barding Armor
46:29 Caravan
48:11 Bracer
49:23 Husbandry
51:03 Bloodlines
51:14 Chain Barding Armor
51:08 Forging
54:19 Conscription
55:28 Plate Barding Armor
Connection lost

Rejoining the realm…

Still unreachable

The connection could not be restored.

Session expired

The server has moved on; the page needs a fresh start.